 Dungeon Crawl Stone Soup version 0.28.0-53-g5a82cb258f (webtiles) character file.

Game seed: 50085115015697642

1607 safid the Cleaver (level 8, -1/66 HPs)
             Began as a Hill Orc Fighter on July 8, 2022.
             Slain by a yak (8 damage)
             ... on level 5 of the Dungeon.
             The game lasted 00:08:52 (6474 turns).

safid the Cleaver (Hill Orc Fighter)                Turns: 6474, Time: 00:08:53

Health: -1/66      AC:  9    Str: 21    XL:     8   Next: 95%
Magic:  8/8        EV:  8    Int:  8    God:
Gold:   72         SH:  9    Dex: 10    Spells: 7/7 levels left

rFire   . . .      SeeInvis .   a - +0 war axe
rCold   . . .      Faith    .   r - +0 kite shield
rNeg    . . .      Spirit   .   b - +0 scale mail
rPois   .          Reflect  .   e - +0 helmet
rElec   .          Harm     .   (no cloak)
rCorr   .          Rampage  .   k - +0 pair of gloves
Will    .....                   (no boots)
Stlth   ..........              (no amulet)
HPRegen 0.21/turn               (no ring)
MPRegen 0.11/turn               (no ring)

@: no status effects
A: no striking features
a: no special abilities


You were on level 5 of the Dungeon.
You visited 1 branch of the dungeon, and saw 6 of its levels.

You collected 397 gold pieces.
You spent 325 gold pieces at shops.

Inventory:

Hand Weapons
 a - a +0 war axe (weapon)
Missiles
 q - 4 poisoned darts (quivered)
Armour
 b - a +0 scale mail (worn)
 e - a +0 helmet (worn)
 k - a +0 pair of gloves (worn)
 r - a +0 kite shield (worn)
Wands
 c - a wand of mindburst (18)
 y - a wand of paralysis (13)
Scrolls
 d - a scroll of immolation {unknown}
 f - 6 scrolls of teleportation
 j - 2 scrolls of summoning
 l - 2 scrolls of blinking
 m - 4 scrolls of enchant armour
 o - 3 scrolls of amnesia
 p - a scroll of holy word {unknown}
 t - a scroll of magic mapping {unknown}
 u - a scroll of vulnerability {unknown}
 w - a scroll of fog
 x - a scroll of fear
Potions
 h - a potion of lignification {unknown}
 n - 4 potions of might
 v - a potion of curing {unknown}


   Skills:
 - Level 4.0 Fighting
 + Level 11.3 Axes
 - Level 4.0 Armour
 + Level 7.8 Shields


You had 7 spell levels left.
You didn't know any spells.
Your spell library contained the following spells:

 Spells                   Type           Power      Damage    Failure   Level
 Animate Skeleton         Necr           0%         N/A       96%         1
 Apportation              Tloc           0%         N/A       96%         1
 Summon Small Mammal      Summ           0%         N/A       96%         1
 Blink                    Tloc           0%         N/A       99%         2
 Sublimation of Blood     Necr           0%         N/A       99%         2
 Conjure Flame            Conj/Fire      0%         6-21      100%        3
 Ignite Poison            Fire/Tmut/Pois 0%         N/A       100%        3
 Lesser Beckoning         Tloc           0%         N/A       100%        3
 Mephitic Cloud           Conj/Pois/Air  0%         N/A       100%        3
 Petrify                  Tmut/Erth      0%         N/A       100%        4
 Sticky Flame             Conj/Fire      0%         2d3       100%        4
 Freezing Cloud           Conj/Ice/Air   0%         6-21      100%        5
 Irradiate                Conj/Tmut      0%         3d14      100%        5
 Manifold Assault         Tloc           0%         N/A       100%        5


Dungeon Overview and Level Annotations

Branches:
Dungeon (6/15)             Temple (0/1) D:5

Altars:
Gozag
Wu Jian
Xom
Yredelemnul

Shops:
D:5 ?[?


Message History

You block the yak's attack.
You slash the yak!
The yak is almost dead.
You hit the yak. You block the yak's attack. The yak gores you!
* * * LOW HITPOINT WARNING * * *
Okay, then.
You feel much better. You block the yak's attack. The yak gores you.
You barely miss the yak.
The yak is almost dead.
You hit the yak but do no damage. The yak gores you!
* * * LOW HITPOINT WARNING * * *
You block the yak's attack.
You barely miss the yak.
The yak is almost dead.
You closely miss the yak. The yak gores you.
* * * LOW HITPOINT WARNING * * *
The yak gores you but does no damage. The yak closely misses you.
The yak gores you.
* * * LOW HITPOINT WARNING * * *
You hit the yak.
The yak is almost dead.
You hit the yak but do no damage. The yak barely misses you.
You block the yak's attack.
Unknown command.
You slash the yak!
You kill the yak!
You closely miss the yak. The yak gores you!
* * * LOW HITPOINT WARNING * * *
Unknown command.
You hit the yak.
The yak is moderately wounded.
The yak closely misses you.
You completely miss the yak.
The yak is moderately wounded.
You block the yak's attack.
Okay, then.
You hit the yak.
The yak is moderately wounded.
The yak gores you!
You die...

###### ###....## ##.......#
#.#####..#
######.#...#..############
#......#.∩.#.....[........
#......#..Y#..............
#..###.#.@†#.############# #..#
#.#...#.# #.......(# ########..#
#.#####.# #........#
......##..####.....#####.........
###.#.##.>.............'.[.......
#.#.##.########(.....#........#
#.#.##.# #......#####'####
#......##########....#####.####
###..................##........


You could see a yak.

Vanquished Creatures
  Sigmund (D:2)
  3 yaks
  A necrophage (D:5)
  An ogre (D:5)
  A phantom (D:5)
  A scorpion (D:5)
  2 water moccasin zombies (D:5)
  2 wights (D:5)
  3 bullfrog zombies
  A human zombie (D:5)
  A jelly (D:5)
  Jessica (D:2)
  A scorpion zombie (D:5)
  3 iguanas (D:5)
  A hound zombie (D:5)
  A hound skeleton (D:3)
  2 mummies (D:5)
  3 gnolls (D:5)
  5 adders
  3 worms
  2 dart slugs
  6 orcs
  4 endoplasms
  3 giant cockroaches
  5 goblins
  10 hobgoblins
  16 jackals
  8 kobolds
  2 quokkas
  8 ball pythons
  4 bats
  2 frilled lizards
  5 rats
112 creatures vanquished.

Vanquished Creatures (others)
  A jackal (D:3)
1 creature vanquished.

Grand Total: 113 creatures vanquished

Notes
Turn   | Place    | Note
-------+----------+-------------------------------------------
     0 | D:1      | safid the Hill Orc Fighter began the quest for the Orb.
     0 | D:1      | Reached XP level 1. HP: 19/19 MP: 1/1
   112 | D:1      | Reached XP level 2. HP: 26/27 MP: 2/2
   140 | D:1      | Reached skill level 3 in Axes
   398 | D:1      | You fall into a shaft and drop 1 floor!
   527 | D:2      | Reached XP level 3. HP: 33/33 MP: 3/3
   803 | D:2      | Noticed Sigmund
   816 | D:2      | Killed Sigmund
   817 | D:2      | Reached skill level 6 in Axes
   817 | D:2      | Reached XP level 4. HP: 31/40 MP: 4/4
   817 | D:2      | Reached XP level 5. HP: 36/46 MP: 5/5
   881 | D:2      | Noticed Jessica
   899 | D:2      | Killed Jessica
   900 | D:2      | Reached XP level 6. HP: 41/52 MP: 6/6
   911 | D:1      | Reached skill level 7 in Axes
  1409 | D:1      | Found a faded altar of an unknown god.
  2275 | D:3      | Found a shimmering altar of Xom.
  3383 | D:4      | Reached skill level 8 in Axes
  3924 | D:4      | Found an ornate altar of the Wu Jian Council.
  3941 | D:5      | Entered Level 5 of the Dungeon
  3969 | D:5      | Found Akhlith's Armour Boutique.
  4138 | D:5      | Found a staircase to the Ecumenical Temple.
  4145 | D:5      | Reached XP level 7. HP: 49/59 MP: 7/7
  4535 | D:5      | Found Idona's Magic Scroll Shop.
  4550 | D:5      | Bought a scroll of identify for 30 gold pieces
  4550 | D:5      | Bought a scroll of teleportation for 45 gold pieces
  4550 | D:5      | Bought a scroll of fog for 30 gold pieces
  4550 | D:5      | Bought a scroll of identify for 30 gold pieces
  4550 | D:5      | Bought a scroll of fear for 52 gold pieces
  4751 | D:5      | Reached skill level 5 in Shields
  4831 | D:5      | Found Badoj's Magic Scroll Shoppe.
  4843 | D:5      | Reached skill level 9 in Axes
  5034 | D:5      | Bought a scroll of blinking for 90 gold pieces
  5034 | D:5      | Bought a scroll of identify for 24 gold pieces
  5034 | D:5      | Bought a scroll of identify for 24 gold pieces
  5489 | D:5      | Found a basalt altar of Yredelemnul.
  5612 | D:5      | Reached XP level 8. HP: 66/66 MP: 8/8
  5911 | D:5      | Reached skill level 10 in Axes
  6182 | D:6      | Found an opulent altar of Gozag.
  6230 | D:6      | Noticed a yak
  6230 | D:6      | Noticed a yak
  6232 | D:6      | Noticed a yak
  6232 | D:6      | Noticed a yak
  6234 | D:6      | Noticed a yak
  6235 | D:6      | Noticed a yak
  6244 | D:6      | Killed a yak
  6270 | D:5      | Killed a yak
  6271 | D:5      | Reached skill level 11 in Axes
  6471 | D:5      | Killed a yak
  6474 | D:5      | Slain by a yak

Illustrated notes

Levels and vault maps discovered:
D:1:      minmay_arrival_stone_box, layout_basic,
          dreamdust_ecumenical_altar_hidden_monk_grotto
D:2:      layout_loops_ring, uniq_jessica, uniq_sigmund, uniq_crazy_yiuf_cottage
D:3:      wad_lake_hut, layout_basic, xom_confusion_cloud,
          kennysheep_cross_bottleneck, grunt_decor_clamped
D:4:      layout_rooms, kennysheep_mini
D:5:      layout_basic, lemuel_mausoleum_altar_yredelemnul,
          minmay_temple_entry_water_ring, serial_shops,
          nicolae_shop_statue_plus, nicolae_shop_hallway_plus,
          nicolae_take_the_stairs, minmay_misc_feat_secret_circle
D:6:      layout_layer_cave, nicolae_gozag_cash_rules_everything_around_me,
          mainiacjoe_overflow_alcove_1

Skill      XL: |  1  2  3  4  5  6  7  8 |
---------------+-------------------------+-----
Axes           | 3 6 8 9 11 | 11.3
Fighting       | 4 |  4.0
Armour         | 4 |  4.0
Shields        | 4 5 7 |  7.8

Action                   |  1- 3 |  4- 6 |  7- 9 || total
-------------------------+-------+-------+-------++-------
Melee: War axe           |    70 |   224 |   159 ||   453
  Use: Potion            |     1 |       |     1 ||     2
       Scroll            |       |       |     5 ||     5
Armor: Scale mail        |    31 |    97 |    40 ||   168
Dodge: Dodged            |    32 |   119 |    46 ||   197
Block: Buckler           |    15 |    42 |       ||    57
       Kite shield       |       |    15 |    65 ||    80
